 Dungeon Crawl Stone Soup version 0.26-a0-690-gcb57259078 (webtiles) character file.

Game seed: 169603614016548161

35 jabarkas the Grave Robber (level 3, 0/27 HPs)
             Began as a Palentonga Necromancer on Oct 24, 2020.
             Succumbed to an adder's poison
             ... on level 1 of the Dungeon.
             The game lasted 00:03:36 (1611 turns).

jabarkas the Grave Robber (Palentonga Necromancer)  Turns: 1611, Time: 00:03:37

Health: 0/27       AC:  6    Str: 11    XL:     3   Next: 17%
Magic:  0/6        EV:  6    Int: 16    God:
Gold:   55         SH:  0    Dex: 10    Spells: 5/7 levels left

rFire    . . .     SeeInvis +   (no weapon)
rCold    . . .     Faith    .   (no shield)
rNeg     . . .     Spirit   .   g - +0 scale mail (curse)
rPois    .         Reflect  .   (no helmet)
rElec    .         Harm     .   (no cloak)
rCorr    .         Rampage  .   (no gloves)
MR       .....                  (no barding)
Stlth    ..........             (no amulet)
HPRegen  0.09/turn              (no ring)
MPRegen  0.10/turn              (no ring)

@: lethally poisoned (0 -> -5)
A: large, rugged brown scales 3, see invisible, deformed body, roll, armoured
tail
a: Rolling Charge


You were on level 1 of the Dungeon.
You visited 1 branch of the dungeon, and saw 2 of its levels.

You collected 55 gold pieces.

Inventory:

Armour
 a - a +0 robe
 g - a cursed +0 scale mail (worn)
Scrolls
 b - a scroll of blinking {unknown}
 d - a scroll of enchant weapon {unknown}
 e - a scroll of noise {unknown}


   Skills:
 + Level 0.2 Fighting
 - Level 1.6 Dodging
 - Level 1.4 Stealth
 - Level 0.2 Unarmed Combat
 - Level 2.5 Spellcasting
 - Level 4.5 Necromancy


You had 5 spell levels left.
You knew the following spells:

 Your Spells              Type           Power        Failure   Level
a - Pain                  Necr           ###.         19%         1
P - Animate Skeleton      Necr           ###...       19%         1

Your spell library contained the following spells:

 Spells                   Type           Power        Failure   Level
 Vampiric Draining        Necr           ###.......   50%         3
 Animate Dead             Necr           ###.......   88%         4
 Agony                    Necr           ###.....     99%         5


Dungeon Overview and Level Annotations

Branches:
Dungeon (2/15)

Altars:
Nemelex Xobeh


Innate Abilities, Weirdness & Mutations

You are completely covered in rugged brown scales. (AC +3, +7% HP)
You have supernaturally acute eyesight. (SInv)
Armour fits poorly on your strangely shaped body.
You can roll at foes to attack.
You have a long armoured tail.


Message History

You feel sick. The goblin hits you with a +0 club.
* * * LOW HITPOINT WARNING * * *
Casting: Pain (safe; 19% risk of failure)
Confirm with . or Enter, or press ? or * to list all spells.
Aiming: Pain (safe; 19% risk of failure)
Press: ? - help, Shift-Dir - straight line, f - goblin
Aim: a goblin, wielding a +0 club (chance to defeat MR: 87%)
The goblin writhes in agony.
The goblin closely misses you.
You barely miss the goblin.
The goblin is moderately wounded.
* * * LOW HITPOINT WARNING * * *
You feel sick.
You closely miss the goblin.
The goblin is moderately wounded.
The goblin barely misses you.
Unknown command.
Unknown command.
You barely miss the goblin.
The goblin is moderately wounded.
You die...

..## #.# #........##......# ###
#.# #................# # #.#
#.........[......#
######.####................#
.....#.............##......#
####.##............##......#
...................##......#
####.##....#.########......#
...............g@# #......#
...#...........#.###########
##.#####.###.#.#......#
##.....#.#...#.#......#
......................#
......##.#######......#
........(....().......#
.......#.#######..#############
.......#......##........).....#


You could see a goblin.

Vanquished Creatures
  An adder (D:2)
  2 dart slugs (D:1)
  A leopard gecko (D:1)
  A giant cockroach (D:1)
  3 goblins (D:1)
  2 hobgoblins (D:1)
  5 bats (D:1)
  A frilled lizard (D:1)
  4 kobolds (D:1)
  A rat (D:2)
21 creatures vanquished.

Notes
Turn   | Place    | Note
-------+----------+-------------------------------------------
     0 | D:1      | jabarkas the Palentonga Necromancer began the quest for the
                  | Orb.
     0 | D:1      | Reached XP level 1. HP: 14/14 MP: 3/3
   477 | D:1      | Reached XP level 2. HP: 21/21 MP: 3/5
   484 | D:1      | Learned a level 1 spell: Animate Skeleton
  1409 | D:2      | Found a sparkling altar of Nemelex Xobeh.
  1604 | D:2      | Reached XP level 3. HP: 12/27 MP: 1/6
  1609 | D:1      | HP: 1/27 [poisoned by an adder]
  1611 | D:1      | Succumbed to an adder's poison

Illustrated notes

Levels and vault maps discovered:
D:1:      kilobyte_arrival_exit_the_forest, layout_basic,
          hangedman_abyss_or_decor_lesser_grid
D:2:      layout_loops_cross, overflow_temple_1_default,
          nemelex_xobeh_ov_fountains_minmay

Action                   || total
-------------------------++-------
Melee: Unarmed           ||    37
       Tailslap          ||     2
Throw: Dart              ||     3
 Cast: Pain              ||    44
       Animate Skeleton  ||     6
  Use: Potion            ||     1
Armor: Robe              ||     9
       Scale mail        ||    17
Dodge: Dodged            ||    21

Table legend: (Time is in decaauts)
 A = Elapsed time spent in this place.
 B = Non-inter-level travel time spent in this place.
 C = Inter-level travel time spent in this place.
 D = Time resting spent in this place.
 E = Time spent auto-exploring this place.
 F = Levels seen in this place.
 G = Mean time per level.
                   A        B        C        D        E       F      G
               +--------+--------+--------+--------+--------+-----+--------+
         Total |   1622 |   1573 |     49 |    628 |    536 |   2 |  811.0 |
       Dungeon |   1622 |   1573 |     49 |    628 |    536 |   2 |  811.0 |
               +--------+--------+--------+--------+--------+-----+--------+

Top non-repeatable levels by time:
     D:1: 1584 daAuts
     D:2: 38 daAuts
